 Dungeon Sprint DCSS version 0.19-a0-1931-gf4bb0bd (webtiles) character file.

1271 Musica the Grappler (level 8, -1/139 HPs)
             Began as a Troll Monk on Oct 25, 2016.
             Was the Champion of Jiyva.
             Slain by a worker ant (7 damage)
             ... in the Dungeon (Sprint IX: "|||||||||||||||||||||||||||||").
             The game lasted 00:05:02 (340 turns).

Musica the Grappler (Troll Monk)                     Turns: 340, Time: 00:05:03

Health: -1/139     AC:  5    Str: 27    XL:     8   Next: 28%
Magic:  7/7        EV: 11    Int:  9    God:    Jiyva [******]
Gold:   0          SH:  0    Dex: 19    Spells: 0 memorised, 7 levels left

rFire  . . .     SeeInvis .       - Unarmed
rCold  + + .     Gourm    +     a - +0 robe
rNeg   . . .     Faith    .     (no shield)
rPois  .         Spirit   .     (helmet restricted)
rElec  +         Reflect  .     (no cloak)
rCorr  +         Harm     .     (gloves unavailable)
MR     .....     NoTele   +     (boots unavailable)
Stlth  ..........               (no amulet)
                                n - +3 ring of intelligence
                                o - +3 ring of dexterity

@: berserking (expiring), very quick
A: unfitting armour, beak, claws 3, agile 1, cold resistance 2, fast metabolism
3, gourmand, regeneration 1, shaggy fur 1, electricity resistance, strong 1,
tough skin 2, wild magic 1, jelly sensing items
a: Request Jelly, Slimify, Cure Bad Mutation, Renounce Religion


You were in the Dungeon.
You worshipped Jiyva.
Jiyva was exalted by your worship.
You were completely stuffed.

You visited 1 branch

Inventory:

Hand Weapons
 j - a +0 giant club
Armour
 a - a +0 robe (worn)
Jewellery
 n - a +3 ring of intelligence (right claw)
 o - a +3 ring of dexterity (left claw)
Wands
 m - a wand of iceblast (7/15)
Scrolls
 h - 2 scrolls of blinking
 k - 3 scrolls of remove curse
 l - 2 scrolls of amnesia
Potions
 c - 5 potions of curing
 d - 3 potions of heal wounds
 e - a potion of haste
 f - 4 potions of magic
 i - a potion of invisibility
Comestibles
 b - 2 bread rations


   Skills:
 + Level 9.8 Fighting
 - Level 2.4 Dodging
 - Level 1.0 Stealth
 + Level 14.2 Unarmed Combat


You had 7 spell levels left.
You didn't know any spells.

Dungeon Overview and Level Annotations

Branches:
Dungeon (1/1)

Altars:
Cheibriados
Dithmenos
Elyvilon
Fedhas
Gozag
Hepliaklqana
Kikubaaqudgha
Makhleb
Nemelex Xobeh
Okawaru
Qazlal
Ru
Sif Muna
Trog
Uskayaw
Vehumet
Xom
Yredelemnul
Zin
The Shining One
Beogh
Jiyva
Lugonu


Innate Abilities, Weirdness & Mutations

You are too large for most types of armour.
You have claws for hands.
Your metabolism is lightning-fast.
You like to eat raw meat.
Your natural rate of healing is unusually fast.
You are covered in fur. (AC +1)
You have very tough skin. (AC +2)
You have a beak for a mouth.
You are agile. (Dex +2)
Your flesh is very cold resistant. (rC++)
You are resistant to electric shocks. (rElec)
Your muscles are strong. (Str +2)
Your spells are a little harder to cast, but a little more powerful.
You have a small jelly attached to you that senses nearby items.


Message History

* * * LOW HITPOINT WARNING * * *
Reactivating autopickup.
You mangle the shadow!!
You destroy the shadow!
Your Unarmed Combat skill increases to level 14!
The jackal skeleton bites you but does no damage.
Things that are here:
an enchanted glaive; a chain mail You barely miss the jackal skeleton.
The jackal skeleton barely misses you.
You barely miss the jackal skeleton. You peck the jackal skeleton.
You destroy the jackal skeleton!
You barely miss the leopard gecko skeleton.
You claw the leopard gecko skeleton!
You destroy the leopard gecko skeleton!
The worker ant bites you.
* * * LOW HITPOINT WARNING * * *
You claw the worker ant!
The worker ant is heavily wounded.
The worker ant bites you!
You die...

▓.▓
▓.▓
∆
▓.▓
▓.▓
∆
▓.▓
▓.▓
▓J▓
▓J▓
▓@▓
▓a▓
▓.▓
▓.▓
▓.▓
▓+▓


You could see a worker ant, a friendly acid blob and a friendly death ooze.

Vanquished Creatures
  A death knight (D)
  A shadow (D)
  A sky beast (D)
  An ogre (D)
  A wight (D)
  2 crimson imps (D)
  A worker ant (D)
  A leopard gecko (D)
  2 orcs (D)
  A bat (D)
  A goblin (D)
  A jackal skeleton (D)
  A leopard gecko skeleton (D)
  A quokka skeleton (D)
  A quokka zombie (D)
  3 rats (D)
20 creatures vanquished.

Vanquished Creatures (others)
  A vampire (D)
  2 jellies (D)
3 creatures vanquished.

Grand Total: 23 creatures vanquished

Notes
Turn   | Place    | Note
-------+----------+-------------------------------------------
     0 | D        | Musica the Troll Monk began the quest for the Orb.
     0 | D        | Reached XP level 1. HP: 22/22 MP: 0/0
    27 | D        | Noticed a crimson imp
    27 | D        | Noticed an ogre
    27 | D        | Noticed a sky beast
    40 | D        | Killed an ogre
    40 | D        | Reached skill level 5 in Fighting
    40 | D        | Reached skill level 7 in Unarmed Combat
    40 | D        | Reached XP level 2. HP: 25/35 MP: 1/1
    40 | D        | Reached XP level 3. HP: 30/42 MP: 2/2
    40 | D        | Reached XP level 4. HP: 36/50 MP: 3/3
    45 | D        | Killed a sky beast
    45 | D        | Reached skill level 8 in Unarmed Combat
    45 | D        | Reached XP level 5. HP: 29/61 MP: 4/4
    51 | D        | Reached skill level 9 in Unarmed Combat
    59 | D        | Gained mutation: You are surrounded by a mild repulsion field. (EV +2) [mutagenic meat]
    60 | D        | Gained mutation: Your mind is acute. (Int +2) [mutagenic meat]
    61 | D        | Gained mutation: You have a pair of small horns on your head. [mutagenic meat]
   119 | D        | Found a roughly hewn altar of Beogh.
   119 | D        | Found a snail-covered altar of Cheibriados.
   119 | D        | Found a shadowy altar of Dithmenos.
   119 | D        | Found a white marble altar of Elyvilon.
   119 | D        | Found a blossoming altar of Fedhas.
   119 | D        | Found an opulent altar of Gozag.
   120 | D        | Found a hazy altar of Hepliaklqana.
   121 | D        | Found a viscous altar of Jiyva.
   122 | D        | Found an ancient bone altar of Kikubaaqudgha.
   123 | D        | Found a corrupted altar of Lugonu.
   124 | D        | Found a burning altar of Makhleb.
   125 | D        | Found a sparkling altar of Nemelex Xobeh.
   126 | D        | Found an iron altar of Okawaru.
   127 | D        | Found a stormy altar of Qazlal.
   128 | D        | Found a sacrificial altar of Ru.
   129 | D        | Found a deep blue altar of Sif Muna.
   130 | D        | Found a bloodstained altar of Trog.
   131 | D        | Found a hide-covered altar of Uskayaw.
   132 | D        | Found a radiant altar of Vehumet.
   133 | D        | Found a shimmering altar of Xom.
   134 | D        | Found a basalt altar of Yredelemnul.
   135 | D        | Found a glowing silver altar of Zin.
   136 | D        | Found a glowing golden altar of the Shining One.
   157 | D        | Became a worshipper of Jiyva Jiadwuol the Shapeless
   157 | D        | Reached * piety under Jiyva
   157 | D        | Reached ** piety under Jiyva
   285 | D        | Reached *** piety under Jiyva
   285 | D        | Lost mutation: Your mind is acute. (Int +2) [Jiyva's grace]
   286 | D        | Reached **** piety under Jiyva
   287 | D        | Reached ***** piety under Jiyva
   287 | D        | Lost mutation: You have a pair of small horns on your head. [Jiyva's grace]
   287 | D        | Lost mutation: You are surrounded by a mild repulsion field. (EV +2) [Jiyva's grace]
   287 | D        | Gained mutation: You are resistant to electric shocks. (rElec) [Jiyva's grace]
   290 | D        | Reached skill level 10 in Unarmed Combat
   290 | D        | Reached XP level 6. HP: 55/71 MP: 5/5
   296 | D        | Gained mutation: You have a pair of small horns on your head. [Jiyva's grace]
   296 | D        | Reached ****** piety under Jiyva
   296 | D        | Gained mutation: You are partially covered in slimy green scales. (AC +2) [Jiyva's grace]
   300 | D        | Lost mutation: You have a pair of small horns on your head. [Jiyva's grace]
   302 | D        | Gained mutation: You have sharp toenails. [Jiyva's grace]
   305 | D        | Lost mutation: You have sharp toenails. [Jiyva's grace]
   306 | D        | Noticed a vampire
   306 | D        | Noticed a death knight
   306 | D        | Noticed a shadow
   306 | D        | Gained mutation: You are partially covered in molten scales. (AC +2) [Jiyva's grace]
   310 | D        | Gained mutation: You evolve. [Jiyva's grace]
   312 | D        | Lost mutation: You are partially covered in slimy green scales. (AC +2) [Jiyva's grace]
   314 | D        | Gained mutation: Your flesh is cold resistant. (rC+) [Jiyva's grace]
   314 | D        | Killed a vampire
   314 | D        | Reached skill level 11 in Unarmed Combat
   315 | D        | Gained mutation: You occasionally shout uncontrollably at your foes. [Jiyva's grace]
   316 | D        | Gained mutation: You are agile. (Dex +2) [Jiyva's grace]
   317 | D        | Gained mutation: You have a beak for a mouth. [Jiyva's grace]
   317 | D        | Gained mutation: Your body has grown golden eyes which may confuse attackers. (Acc +3) [Jiyva's grace]
   318 | D        | Lost mutation: You evolve. [Jiyva's grace]
   318 | D        | Lost mutation: Your body has grown golden eyes which may confuse attackers. (Acc +3) [Jiyva's grace]
   319 | D        | Lost mutation: You occasionally shout uncontrollably at your foes. [Jiyva's grace]
   319 | D        | Gained mutation: Your flesh is very cold resistant. (rC++) [Jiyva's grace]
   321 | D        | Gained mutation: Your spells are a little harder to cast, but a little more powerful. [Jiyva's grace]
   321 | D        | Gained mutation: You have a small jelly attached to you that senses nearby items. [Jiyva's grace]
   321 | D        | Lost mutation: You are partially covered in molten scales. (AC +2) [Jiyva's grace]
   323 | D        | Gained mutation: Your muscles are strong. (Str +2) [Jiyva's grace]
   331 | D        | Killed a death knight
   331 | D        | Reached skill level 13 in Unarmed Combat
   331 | D        | Reached XP level 7. HP: 14/84 MP: 6/6
   331 | D        | Reached XP level 8. HP: 15/93 MP: 7/7
   332 | D        | HP: 6/139 [something (2)]
   333 | D        | Reached skill level 14 in Unarmed Combat
   339 | D        | HP: 6/139 [worker ant (3)]
   340 | D        | Slain by a worker ant

Vault maps used:
D:        linesprint

Skill      XL: |  1  2  3  4  5  6  7  8 |
---------------+-------------------------+-----
Fighting       | 5 6 7 9 |  9.8
Unarmed Combat | 7 8 10 13 14 | 14.2
Dodging        | |  2.4
Stealth        | |  1.0

Action                   |  1- 3 |  4- 6 |  7- 9 || total
-------------------------+-------+-------+-------++-------
Melee: Unarmed           |    21 |    45 |     7 ||    73
       Punch             |       |     5 |       ||     5
       Headbutt          |       |     2 |       ||     2
       Peck              |       |     2 |     1 ||     3
  Use: Potion            |       |     1 |       ||     1
  Eat: Chunk             |       |     7 |       ||     7
Armor: Robe              |     5 |    11 |     1 ||    17
Dodge: Dodged            |    11 |     8 |     1 ||    20
